 Dungeon Crawl Stone Soup version 0.21-a0-178-g0b87683 (webtiles) character file.

6 MackTheKnife the Caller (level 1, -1/13 HPs)
             Began as a Demonspawn Wanderer on Aug 9, 2017.
             Slain by a kobold
             ... wielding a +0 whip
              (3 damage)
             ... on level 1 of the Dungeon.
             The game lasted 00:00:56 (659 turns).

MackTheKnife the Caller (Demonspawn Wanderer)        Turns: 659, Time: 00:00:57

Health: -1/13      AC:  2    Str: 13    XL:     1   Next: 75%
Magic:  1/4        EV: 11    Int: 13    God:
Gold:   46         SH:  0    Dex: 11    Spells: 4/5 levels left

rFire    . . .     SeeInvis .   h - +0 short sword
rCold    . . .     Gourm    .   (no shield)
rNeg     . . .     Faith    .   c - +0 robe
rPois    .         Spirit   .   (no helmet)
rElec    .         Reflect  .   (no cloak)
rCorr    +         Harm     .   (no gloves)
MR       .....                  (no boots)
Stlth    +.........             (no amulet)
HPRegen  0.04/turn              g - ring of resist corrosion
MPRegen  0.09/turn              (no ring)

@: no status effects
A: no striking features
a: no special abilities


You were on level 1 of the Dungeon.
You were not hungry.

You visited 1 branch of the dungeon, and saw 2 of its levels.

You collected 46 gold pieces.

Inventory:

Hand Weapons
 h - a +0 short sword (weapon)
   (You took it off a kobold on level 1 of the Dungeon)
Armour
 c - a +0 robe (worn)
 j - a +0 pair of gloves
   (You found it on level 1 of the Dungeon)
Jewellery
 g - a ring of resist corrosion (left hand)
   (You found it on level 1 of the Dungeon)
Scrolls
 d - a scroll of enchant armour {unknown}
 e - a scroll of amnesia {unknown}
 i - a scroll of recharging {unknown}
 k - a scroll of identify {unknown}
Potions
 l - a potion of curing {unknown}
Books
 a - a book of Callings
 b - Qiothroa's Compendium of the Frostbite

   Spells                             Type                      Level
   a - Freeze                         Ice                          1
   b - Ozocubu's Armour               Charms/Ice                   3
Comestibles
 f - a bread ration {@e1}


   Skills:
 - Level 1.0 Stealth
 + Level 2.5 Spellcasting
   Level 1.7 Charms
 - Level 4.0 Summonings
   Level 1.0 Evocations


You had 4 spell levels left.
You knew the following spells:

 Your Spells              Type           Power        Failure   Level  Hunger
a - Summon Small Mammal   Summ           ##..         4%          1    #......


Dungeon Overview and Level Annotations

Branches:
Dungeon (2/15)

Altars:


Message History

k - a scroll labeled LECWIPN LELIBB A bat comes into view.
The bat barely misses you.
Found a stone staircase leading down.
A bat is nearby!
The bat hits you but does no damage. The bat barely misses you.
A bat is nearby!
The bat hits you but does no damage. The bat barely misses you.
The bat misses you.
A bat is nearby!
You hit the bat.
You kill the bat!
l - a coppery potion No target in view!
No target in view!
No target in view!
A goblin comes into view. It is wielding a dagger.
The goblin moves out of view.
No target in view!
A leopard gecko and a kobold come into view.
The leopard gecko hisses angrily.
Found an escape hatch in the floor.
There are monsters nearby!
There are monsters nearby!
The kobold shouts!
The goblin shouts!
There are monsters nearby!
You hit the leopard gecko but do no damage.
The leopard gecko barely misses you.
There are monsters nearby!
You miss the leopard gecko. The leopard gecko bites you.
You take 5 damage, and have 8/13 hp.
MASSIVE DAMAGE!!
The leopard gecko bites you. x2; The kobold completely misses you.
You take 3 damage, and have 5/13 hp.
MASSIVE DAMAGE!!
You now have 2/3 mp.
The leopard gecko bites you but does no damage.
The kobold hits you but does no damage.
You now have 1/3 mp.
Unknown command.
You swap places.
Your bat misses the leopard gecko. The leopard gecko bites your bat.
The kobold barely misses your bat.
Your bat hits the leopard gecko.
Your bat hits the leopard gecko but does no damage.
Your bat closely misses the leopard gecko.
The leopard gecko closely misses your bat.
Your bat hits the leopard gecko.
Your bat hits the leopard gecko but does no damage.
The leopard gecko closely misses your bat.
The leopard gecko misses your bat.
Your bat closely misses the leopard gecko.
Your bat hits the leopard gecko but does no damage.
Your bat barely misses the leopard gecko.
Your bat misses the leopard gecko. x2
Your bat hits the leopard gecko.
The leopard gecko closely misses your bat.
Your bat barely misses the leopard gecko.
Found a scroll labeled LECWIPN LELIBB.
Found a stone staircase leading down.
There is a stone staircase leading down here.
You climb downwards.
There is a stone staircase leading up here.
You start resting.
You start waiting.
Done waiting.
Health restored: 13; MP restored: 3 You climb upwards.
The leopard gecko hisses angrily.
The goblin closely misses you.
There is a stone staircase leading down here.
Unknown command.
You barely miss the goblin. The goblin hits you but does no damage.
You barely miss the goblin.
The goblin hits you but does no damage. x2
You hit the goblin. The goblin misses you.
The goblin hits you but does no damage.
You now have 2/3 mp.
The goblin hits you with a dagger.
You take 3 damage, and have 10/13 hp.
MASSIVE DAMAGE!!
You now have 1/3 mp.
Your bat hits the goblin.
Your bat closely misses the goblin.
The goblin completely misses your bat.
You swap places.
The goblin hits you with a dagger.
There is a stone staircase leading down, spattered with blood here.
You take 4 damage, and have 6/13 hp.
MASSIVE DAMAGE!!
You hit the goblin.
You kill the goblin!
The leopard gecko barely misses you.
You hit the leopard gecko. Something hits your bat.
Your bat dies!
Your bat's corpse disappears in a puff of smoke!
The leopard gecko completely misses you.
You miss the leopard gecko. The leopard gecko bites you.
The kobold hits you with a whip.
* * * LOW HITPOINT WARNING * * *
You take 4 damage, and have 2/13 hp.
MASSIVE DAMAGE!!
You swap places.
Your bat hits the leopard gecko. Your bat hits the kobold.
The leopard gecko bites your bat. The kobold hits you with a whip.
You die...

#...# #.# #########.###
.# #...........# .# #
#.####..###.###.#
###.###.####..###.....##
.$.......K..............
....##.K##..........#...
.......@bl.....###..#...
.......#####...###..#...
.>..... #........#...
.......#####...####.....
........................
#.?.########...######...
#...########...####.....
...##..................#
..............#.....#


You could see a leopard gecko, a kobold and a friendly bat.

Vanquished Creatures
  A goblin (D:1)
  A hobgoblin (D:1)
  A kobold (D:1)
  A bat (D:1)
  A rat (D:1)
5 creatures vanquished.

Vanquished Creatures (collateral kills)
  A bat (D:1)
1 creature vanquished.

Grand Total: 6 creatures vanquished

Notes
Turn   | Place    | Note
-------+----------+-------------------------------------------
     0 | D:1      | MackTheKnife the Demonspawn Wanderer began the quest for the Orb.
     0 | D:1      | MackTheKnife set off with: a book of Callings, Qiothroa's Compendium of the Frostbite, a +0 robe, a +0 club, a bread ration {@e1}
     0 | D:1      | Reached XP level 1. HP: 13/13 MP: 3/3
     0 | D:1      | Identified Qiothroa's Compendium of the Frostbite
     2 | D:1      | Learned a level 1 spell: Summon Small Mammal
    14 | D:1      | Noticed an electric eel
   658 | D:1      | HP: 2/13 [kobold/whip (3)]
   659 | D:1      | Slain by a kobold

Vault maps used:
D:1:      arrival_aquarium_a
D:2:      tgw_trog, grunt_temple_overflow_open,
          chequers_ecumenical_altar_simple, okawaru_trees_1, uniq_jessica

Action                   || total
-------------------------++-------
Melee: Short sword       ||    15
       Club              ||    11
 Cast: Summon Small Mamm ||     8
Armor: Robe              ||    11
Dodge: Dodged            ||    19

Vault maps used:
D:1:      arrival_aquarium_a
D:2:      tgw_trog, grunt_temple_overflow_open,
          chequers_ecumenical_altar_simple, okawaru_trees_1, uniq_jessica

Table legend:
 A = Turns spent in this place as a percentage of turns spent in the entire game.
 B = Non-inter-level travel turns spent in this place as a percentage of non-inter-level travel turns spent in the entire game.
 C = Inter-level travel turns spent in this place as a percentage of turns spent in this place.
 D = Turns resting spent in this place as a percentage of non-inter-level travel turns spent in this place.
 E = Turns spent auto-exploring this place as a percentage of non-inter-level travel turns spent in this place.
 F = Non-inter-level travel turns spent in this place divided by the number of levels of this place that you've seen.
                   A       B       C       D       E      F
               +-------+-------+-------+-------+-------+----------------------
         Total | 100.0 | 100.0 |   0.0 |   3.3 |   8.7 |  75.0
       Dungeon | 100.0 | 100.0 |   0.0 |   3.3 |   8.7 |  75.0
               +-------+-------+-------+-------+-------+----------------------

Table legend:
 A = Kills in this place as a percentage of kills in entire the game.
 B = Kills by you in this place as a percentage of kills by you in the entire game.
 C = Kills by friends in this place as a percentage of kills by friends in the entire game.
 D = Other kills in this place as a percentage of other kills in the entire game.
 E = Experience gained in this place as a percentage of experience gained in the entire game.
 F = Experience gained in this place divided by the number of levels of this place that you have seen.
                   A       B       C       D       E      F
               +-------+-------+-------+-------+-------+----------------------
         Total | 100.0 | 100.0 | 100.0 |  -nan | 100.0 |   4.5
       Dungeon | 100.0 | 100.0 | 100.0 |  -nan | 100.0 |   4.5
               +-------+-------+-------+-------+-------+----------------------
